 Dungeon Crawl Stone Soup version 0.31-a0-662-g684573625c (webtiles) character file.

Game seed: 12628232203235001626

251 2FriedEggs the Changeling (level 6, 0/55 HPs)
             Began as an Ogre Shapeshifter on Sept 2, 2023.
             Succumbed to a scorpion's poison
             ... on level 4 of the Dungeon.
             The game lasted 00:05:14 (2696 turns).

2FriedEggs the Changeling (Ogre Shapeshifter)       Turns: 2696, Time: 00:05:15

Health: 0/55       AC:  3    Str: 21    XL:     6   Next: 13%
Magic:  6/6        EV:  9    Int: 11    God:
Gold:   182        SH:  0    Dex:  8    Spells: 5/5 levels left

rFire   . .          .
                       - Unarmed
rCold   . . .        (no shield)
rNeg    . . .        a - +0 animal skin
rPois   .            (helmet currently unavailable)
rElec   .            (cloak currently unavailable)
rCorr   .            (gloves unavailable)
SInv    .            (boots unavailable)
Will    .....        (no amulet)
Stlth   +            (no ring)
HPRegen 0.29/turn    (no ring)
MPRegen 0.10/turn

%: no passive effects
@: lethally poisoned (0 -> -15), beast-form
A: beast (slay +3), large, unfitting armour, tough skin 1
a: Begin Untransformation


You were on level 4 of the Dungeon.
You were a hulking beast.
You visited 1 branch of the dungeon, and saw 4 of its levels.

You collected 182 gold pieces.

Inventory:

Armour
 a - a +0 animal skin (worn)
 h - a +0 cloak
Talismans
 c - a beast talisman (active)
 d - a flux talisman
Scrolls
 b - a scroll of blinking {unknown}
 e - 3 scrolls of identify {unknown}
 f - a scroll of enchant armour {unknown}
 g - a scroll of revelation {unknown}
 i - a scroll of enchant weapon {unknown}
 j - 2 scrolls of torment {unknown}
 k - a scroll of teleportation {unknown}
 l - a scroll of fog {unknown}
 m - 2 scrolls of amnesia {unknown}


   Skills:
 - Level 1.3 Fighting
 - Level 1.7 Dodging
 - Level 2.6 Unarmed Combat
 * Level 6.2 Shapeshifting


You had 5 spell levels left.
You didn't know any spells.
Your spell library contained the following spells:

 Spells                   Type           Power      Damage    Failure   Level
 Apportation              Tloc           0%         N/A       34%         1
 Sublimation of Blood     Necr           0%         N/A       47%         2
 Wereblood                Tmut           0%         N/A       47%         2
 Alistair's Intoxication  Tmut/Pois      0%         N/A       100%        5
 Summon Hydra             Summ           0%         N/A       100%        7


Dungeon Overview and Level Annotations

Branches:
Dungeon (4/15)
 Temple: D:4-7

Altars:
Elyvilon
Okawaru

Shops:
D:3 (


Innate Abilities, Weirdness & Mutations

You are a hulking beast.
Your limbs bulge with bestial killing power. (Slay +3)
You are too large for most types of armour.
You have tough skin. (AC +1)


Message History

The scorpion poisons you!
You hit the scorpion but do no damage.
The scorpion is moderately wounded.
You feel very sick. The scorpion stings you.
You are more poisoned.
The scorpion poisons you! The scorpion closely misses you.
You are too injured to fight recklessly!
You are too injured to fight recklessly!
You are too injured to fight recklessly!
You are too injured to fight recklessly!
You are too injured to fight recklessly!
You are too injured to fight recklessly!
You are too injured to fight recklessly!
You are too injured to fight recklessly!
You are too injured to fight recklessly!
You are too injured to fight recklessly!
You are too injured to fight recklessly!
You are too injured to fight recklessly!
You are too injured to fight recklessly!
You aren't carrying any potions.
Okay, then.
You hit the scorpion.
The scorpion is heavily wounded.
* * * LOW HITPOINT WARNING * * *
You feel very sick.
The scorpion stings you but does no damage.
You hit the scorpion.
The scorpion is severely wounded.
* * * LOW HITPOINT WARNING * * *
You feel very sick.
The scorpion stings you but does no damage.
You hit the scorpion but do no damage.
The scorpion is severely wounded.
* * * LOW HITPOINT WARNING * * *
You feel very sick. The scorpion barely misses you.
You hit the scorpion but do no damage.
The scorpion is severely wounded.
You die...

....♣ ....? .....♣
.. ...... ...
......♣ ....
.......♣♣ ♣....
.....$..♣♣♣♣♣.....
......sh..........
.$.....##.........
......# ##<.......
.....# ##.......
#...# ....... #..#
....... ..#
....... ## .......
.......


You could see a scorpion.

Vanquished Creatures
  Sigmund (D:3)
  A gnoll (D:1)
  2 adders
  A worm (D:3)
  A dart slug (D:3)
  An orc (D:3)
  7 ball pythons
  5 bats
  9 endoplasms
  4 giant cockroaches
  3 goblins
  2 hobgoblins (D:3)
  4 quokkas
  8 frilled lizards
  4 kobolds
  5 rats
58 creatures vanquished.

Notes
Turn   | Place    | Note
-------+----------+-------------------------------------------
     0 | D:1      | 2FriedEggs the Ogre Shapeshifter began the quest for the
                  | Orb.
     0 | D:1      | Reached XP level 1. HP: 19/19 MP: 1/1
   122 | D:1      | Reached XP level 2. HP: 26/27 MP: 2/2
   275 | D:1      | Reached XP level 3. HP: 32/33 MP: 3/3
   314 | D:1      | Reached skill level 4 in Shapeshifting
   533 | D:1      | Found a faded altar of an unknown god.
  1324 | D:2      | Reached XP level 4. HP: 39/41 MP: 4/4
  1580 | D:3      | Found Bon Sikk's Antique Weapon Shoppe.
  1819 | D:3      | Found a white marble altar of Elyvilon.
  1836 | D:3      | Noticed Sigmund
  1851 | D:3      | Killed Sigmund
  1852 | D:3      | Reached skill level 6 in Shapeshifting
  1852 | D:3      | Reached XP level 5. HP: 48/48 MP: 5/5
  1852 | D:3      | Reached XP level 6. HP: 55/55 MP: 6/6
  2156 | D:3      | Found an iron altar of Okawaru.
  2696 | D:4      | Succumbed to a scorpion's poison

Illustrated notes

Levels and vault maps discovered:
D:1:      dpeg_arrival_simpleton_c, layout_basic,
          chequers_ecumenical_altar_simple_redux
D:2:      layout_rooms, chequers_serial_rivers_room_a, kennysheep_nondescript,
          kennysheep_generic_room_9
D:3:      layout_basic, mainiacjoe_overflow_swirl, serial_shops,
          nicolae_lakefront_shop, uniq_sigmund
D:4:      layout_layer_cave, mainiacjoe_overflow_tiny_flanked, serial_shops,
          shop, serial_forest, infiniplex_forest_zigzag_1,
          infiniplex_forest_3_way, infiniplex_forest_3_way,
          infiniplex_forest_lined_room_, infiniplex_forest_side_room,
          infiniplex_forest_end_1, infiniplex_forest_end_2,
          infiniplex_forest_lined_2, infiniplex_forest_end_2,
          infiniplex_forest_lined_2

Skill      XL: |  1  2  3  4 |
---------------+-------------+-----
Shapeshifting  | 4 6 |  6.2
Fighting       | |  1.3
Dodging        | |  1.7
Unarmed Combat | |  2.6

Action                     |  1- 3 |  4- 6 || total
---------------------------+-------+-------++-------
  Melee: Unarmed           |   114 |    69 ||   183
         Punch             |     1 |     2 ||     3
    Use: Potion            |       |     1 ||     1
   Stab: Sleeping          |       |     2 ||     2
 Armour: Animal skin       |    70 |    38 ||   108
         Skin              |       |     7 ||     7
  Dodge: Dodged            |    42 |    25 ||    67

Table legend: (Time is in decaauts)
 A = Elapsed time spent in this place.
 B = Non-inter-level travel time spent in this place.
 C = Inter-level travel time spent in this place.
 D = Time resting spent in this place.
 E = Time spent auto-exploring this place.
 F = Levels seen in this place.
 G = Mean time per level.
                   A        B        C        D        E       F      G
               +--------+--------+--------+--------+--------+-----+--------+
         Total |   2686 |   2549 |    137 |     52 |   2117 |   4 |  671.5 |
       Dungeon |   2686 |   2549 |    137 |     52 |   2117 |   4 |  671.5 |
               +--------+--------+--------+--------+--------+-----+--------+

Top non-repeatable levels by time:
     D:3: 1164 daAuts
     D:1: 874 daAuts
     D:2: 637 daAuts
     D:4: 10 daAuts
